 Dungeon Crawl Stone Soup version 0.18-a0-1570-gf60b0ab (webtiles) character file.

4868 M4edhros the Nimble (level 10, -1/87 HPs)
             Began as an Octopode Chaos Knight on Mar 14, 2016.
             Slain by a ghost moth (7 damage)
             ... on level 3 of the Abyss.
             The game lasted 00:27:38 (24584 turns).

M4edhros the Nimble (Octopode Chaos Knight)        Turns: 24584, Time: 00:27:39

Health: -1/87      AC: 25    Str: 20      XL:     10   Next: 50%
Magic:  4/10       EV:  2    Int: 19 (23) God:    Xom [..*...]
Gold:   448        SH:  0    Dex: 16 (18) Spells: 0 memorised, 9 levels left

rFire  . . .     SeeInvis +     l - +9 bardiche of Mexu {chop, *Corrode +Inv Int+4}
rCold  . . .     Gourm    .     (shield currently unavailable)
rNeg   + + +     Faith    .     (helmet currently unavailable)
rPois  +         Spirit   .     (no amulet)
rElec  .         Dismiss  .     h - ring of see invisible
rCorr  .         Reflect  .     i - +3 ring of dexterity
SustAt .         Harm     .     p - ring of stealth (curse)
MR     +....     Clarity  +     s - +5 ring of strength (curse)
Stlth  ++........ NoTele   +    (no ring)
                                (no ring)
                                (no ring)
                                (no ring)

@: lethally poisoned (-1 -> -1), tree-form, very slightly contaminated,
invisible, somewhat resistant to hostile enchantments, unstealthy
A: almost no armour, (amphibious), 8 rings, (constrict 8), (icy blue scales 0),
rugged brown scales 1, (camouflage 0), see invisible, agile 2, blink, clarity,
clever 2, clumsy 2, (cold resistance 0), deterioration 2, frail 1, magic
resistance 1, (poison resistance), regeneration 1, (shaggy fur 0), (electricity
resistance), strong 2, wild magic 3, (gelatinous body 0), subdued magic 2
a: Blink, Renounce Religion


You were on level 3 of the Abyss.
You worshipped Xom.
You were a toy of Xom.
You were near starving.
You were a tree.
You visited 2 branches of the dungeon, and saw 8 of its levels.
You visited the Abyss 1 time.

You collected 448 gold pieces.

Inventory:

Hand Weapons
 a - a +0 spear of chaos
 l - the +9 bardiche of Mexu (weapon) {chop, *Corrode +Inv Int+4}
   (You found it on level 7 of the Dungeon)

   It inflicts extra damage upon your enemies.
   It affects your intelligence (+4).
   It lets you turn invisible.
   It may corrode your equipment when you take damage.
 n - a +3 scythe of protection
 y - a +3 hunting sling of flaming
 A - a +2 falchion of protection
 G - a +2 trident of venom
Missiles
 r - 21 steel sling bullets
 v - 21 sling bullets
 x - 153 stones (quivered)
Jewellery
 h - a ring of see invisible (left branch)
 i - a +3 ring of dexterity (right branch)
 p - a cursed ring of stealth (on tentacle)
 s - a cursed +5 ring of strength (on tentacle)
Wands
 f - a wand of lightning (0/15)
 C - a wand of lightning (0/15)
 H - a wand of lightning (10/15)
Scrolls
 c - a scroll of fear {unknown}
 g - a scroll of recharging
 m - a scroll of enchant armour
 q - 2 scrolls of magic mapping
 w - a scroll of noise
 z - 2 scrolls of remove curse
 E - a scroll of amnesia
 F - 4 scrolls of immolation
 I - a scroll of identify
Comestibles
 b - 6 bread rations
 D - 4 fruits


   Skills:
 - Level 3.0 Fighting
 + Level 9.5 Polearms
 - Level 5.9 Slings
 + Level 10.8 Dodging


You had 9 spell levels left.
You didn't know any spells.

Dungeon Overview and Level Annotations

Branches:
Dungeon (7/15)             Temple (1/1) D:6

Altars:
Ashenzari
Cheibriados
Dithmenos
Elyvilon
Fedhas
Gozag
Makhleb
Nemelex Xobeh
Okawaru
Pakellas
Qazlal
Sif Muna
Trog
Vehumet
Xom
Yredelemnul
Zin
The Shining One

Annotations:
D:7 Grinder


Innate Abilities, Weirdness & Mutations

You cannot wear most types of armour.
((You are amphibious.))
You can wear up to eight rings at the same time.
((You can use your tentacles to constrict eight enemies at once.))
((Your skin changes colour to match your surroundings (Stealth).))
((Your rubbery body absorbs attacks (AC +1).))
((You are mostly covered in icy blue scales (AC +3, EV -1).))
(You are partially covered in rugged brown scales (AC +1, +3% HP).)
You have supernaturally acute eyesight.
You are very agile. (Dex +4)
You can translocate small distances at will.
You possess an exceptional clarity of mind.
Your mind is very acute. (Int +4)
((Your flesh is cold resistant.))
Your body often deteriorates upon taking damage.
You are frail (-10% HP).
You are resistant to hostile enchantments.
((Your system is resistant to poisons.))
Your natural rate of healing is unusually fast.
((You are covered in thick fur (AC +2).))
((You are resistant to electric shocks.))
Your muscles are very strong. (Str +4)
Your spells are much harder to cast, but much more powerful.
[You are very clumsy. (Dex -4)]
[Your spells are easier to cast, but less powerful.]


Message History

You feel a little less clever now.
The queen ant stings you but does no damage.
You slice the queen ant!!
You kill the queen ant!
The fire dragon returns to its original shape as it dies.
You feel your dexterity returning.
The substance of the Abyss twists in disgust, and a gateway leading out appears!
You feel sick. The ghost moth stares at you.
You feel your power leaking away.
The ghost moth hits you but does no damage. x2
The ghost moth stings you but does no damage.
You cannot move.
Drink which item? (? for menu, Esc to quit)
Okay, then.
Drink which item? (? for menu, Esc to quit)
You fade into invisibility!
The ghost moth hits you!
You die...
Xom cackles wildly! 3 3 C G

### #♣##
##y# hc
#.#X*# #
.##.# ..# #.
#...## .# ..
##...#.D####
#.. X.## '
###.# # ##
##.'. ###.##
#≈≈.#### ≈≈


You could see a ghost moth (invisible) and a large abomination.

Vanquished Creatures
  An ogre mage (Abyss:3)
  A queen ant (Abyss:3)
  A spriggan (D:7)
  A yak (D:6)
  Sigmund (D:2)
  A hungry ghost (D:5)
  A large abomination (Abyss:3)
  2 phantoms (D:5)
  A sky beast (D:6)
  An orc warrior (D:6)
  A black bear (D:7)
  5 centaurs
  3 ogres
  2 big kobolds (D:7)
  3 giant frogs
  A howler monkey (D:7)
  A crimson imp (D:6)
  A quasit (D:7)
  3 hounds
  A centaur skeleton (D:4)
  2 giant frog skeletons
  2 jellies
  6 orc priests
  An iguana (D:5)
  Terence (D:2)
  6 orc wizards
  9 worker ants
  A sheep (D:2)
  A howler monkey zombie (D:6)
  Robin (D:3)
  A worker ant zombie (D:7)
  6 gnolls
  11 adders
  2 shadow imps
  An ooze (D:3)
  3 adder skeletons
  An adder zombie (D:6)
  3 worms
  3 dart slugs
  3 giant geckos
  31 orcs
  3 ball pythons
  2 bats (D:1)
  6 giant cockroaches
  14 goblins
  10 hobgoblins
  9 jackals
  4 quokkas
  A giant gecko skeleton (D:6)
  A giant gecko zombie (D:5)
  4 giant newts
  14 kobolds
  10 rats
  A spectral orc (D:4)
  A plant (D:5)
207 creatures vanquished.

Vanquished Creatures (collateral kills)
  A water nymph (Abyss:3)
  A jackal zombie (D:5)
2 creatures vanquished.

Vanquished Creatures (others)
  An orc warrior (D:7)
  An ogre (D:4)
  2 giant frogs (D:7)
  2 worker ants (D:7)
  A gnoll (D:7)
  An adder (D:3)
  A quokka (D:7)
  A giant newt (D:7)
  4 plants (D:4)
14 creatures vanquished.

Grand Total: 223 creatures vanquished

Notes
Turn   | Place    | Note
--------------------------------------------------------------
     0 | D:1      | M4edhros the Octopode Chaos Knight began the quest for the Orb.
     0 | D:1      | Reached XP level 1. HP: 16/16 MP: 1/1
   173 | D:1      | XOM: harmless Fire miscast
   430 | D:1      | Reached XP level 2. HP: 21/21 MP: 2/2
   510 | D:1      | XOM: harmless Ice miscast
   708 | D:2      | XOM: divination: magic mapping
   709 | D:2      | Reached XP level 3. HP: 21/26 MP: 3/3
   791 | D:2      | Found a shadowy altar of Dithmenos.
   791 | D:2      | XOM: 5-stop teleportation journey
   794 | D:2      | XOM: harmless Hex miscast
  1314 | D:2      | Noticed Sigmund
  1323 | D:2      | Killed Sigmund
  1323 | D:2      | Reached skill level 5 in Polearms
  1323 | D:2      | Reached XP level 4. HP: 21/31 MP: 4/4
  1323 | D:2      | Reached XP level 5. HP: 24/36 MP: 5/5
  1427 | D:2      | Found an oddly glowing altar of Pakellas.
  1534 | D:2      | Found a bloodstained altar of Trog.
  1599 | D:2      | XOM: harmless Divn miscast
  1737 | D:2      | Reached XP level 6. HP: 24/42 MP: 6/6
  1854 | D:2      | Noticed Terence
  1874 | D:2      | Killed Terence
  2205 | D:3      | Noticed Robin
  2222 | D:3      | Killed Robin
  2476 | D:3      | XOM: harmless Summ miscast
  2604 | D:3      | XOM: medium Necr miscast
  2605 | D:3      | Noticed a shadow
  2605 | D:3      | Noticed a shadow
  2860 | D:3      | XOM: mild Chrm miscast
  3122 | D:3      | XOM: god gift: scroll labeled XENISMOXUA
  3506 | D:4      | XOM: god gift: 54 gold pieces
  3520 | D:4      | Found a stormy altar of Qazlal.
  3520 | D:4      | Found a blossoming altar of Fedhas.
  3522 | D:4      | Noticed Grinder
  3610 | D:3      | XOM: mild Trmt miscast
  3869 | D:1      | XOM: colour smoke trail
  4042 | D:5      | Entered Level 5 of the Dungeon
  4132 | D:5      | Reached skill level 1 in Slings
  4132 | D:5      | Reached XP level 7. HP: 41/46 MP: 7/7
  4136 | D:5      | Reached skill level 3 in Dodging
  4178 | D:5      | XOM: harmless Fire miscast
  4557 | D:5      | XOM: butterfly on damage
  4933 | D:5      | XOM: harmless Air miscast
  4950 | D:5      | XOM: 2-stop teleportation journey
  5009 | D:5      | XOM: harmless Divn miscast
  5035 | D:5      | XOM: noise
  5055 | D:5      | XOM: cast spell 'Summon Ice Beast'
  5151 | D:4      | Reached skill level 4 in Dodging
  5156 | D:4      | XOM: smoke on damage
  5159 | D:4      | XOM: confuse monster(s)
  5163 | D:4      | XOM: harmless Pois miscast
  5332 | D:4      | XOM: harmless Erth miscast
  5497 | D:4      | XOM: mild Divn miscast
  5523 | D:4      | XOM: give mutations
  5523 | D:4      | Gained mutation: You occasionally shout uncontrollably at your foes. [Xom's mischief]
  5523 | D:4      | Gained mutation: You expend magic power (3 MP) to strengthen your wands. [Xom's mischief]
  5523 | D:4      | Gained mutation: You are frail (-10% HP). [Xom's mischief]
  5615 | D:4      | Reached skill level 5 in Dodging
  5617 | D:4      | Reached XP level 8. HP: 19/46 MP: 8/8
  5649 | D:4      | XOM: give mutations
  5649 | D:4      | Lost mutation: You expend magic power (3 MP) to strengthen your wands. [Xom's mischief]
  5649 | D:4      | Gained mutation: You are occasionally teleported next to monsters. [Xom's mischief]
  5794 | D:4      | Found a basalt altar of Yredelemnul.
  5972 | D:4      | XOM: confuse monster(s)
  5978 | D:4      | XOM: chaos upgrade
  6052 | D:4      | Found a shattered altar of Ashenzari.
  6052 | D:4      | Found an opulent altar of Gozag.
  6193 | D:4      | XOM: fog
  6382 | D:4      | Reached skill level 6 in Dodging
  6448 | D:5      | Found a glowing golden altar of the Shining One.
  6627 | D:5      | XOM: enchant monster (bad)
  6630 | D:5      | XOM: noise
  6741 | D:5      | XOM: silly message
  6914 | D:5      | Reached skill level 7 in Dodging
  6997 | D:5      | XOM: mild Air miscast
  7148 | D:5      | XOM: give mutations
  7148 | D:5      | Gained mutation: Your body sometimes deteriorates upon taking damage. [Xom's mischief]
  7148 | D:5      | Gained mutation: Your body often deteriorates upon taking damage. [Xom's mischief]
  7148 | D:5      | Gained mutation: You are partially covered in rugged brown scales (AC +1, +3% HP). [Xom's mischief]
  7148 | D:5      | Gained mutation: [You are clumsy. (Dex -2)] [Xom's mischief]
  7182 | D:5      | XOM: confusion (+ monsters)
  7203 | D:5      | XOM: smoke on damage
  7205 | D:5      | XOM: enchant monster (bad)
  7214 | D:5      | XOM: enchant monster (bad)
  7543 | D:5      | Reached XP level 9. HP: 36/52 MP: 9/9
  7671 | D:6      | Reached skill level 5 in Slings
  7671 | D:6      | Reached skill level 8 in Dodging
  7778 | D:6      | XOM: silly message
  7975 | D:6      | Gained mutation: You are covered in fur (AC +1). [potion of beneficial mutation]
  8111 | D:6      | Found a staircase to the Ecumenical Temple.
  8114 | D:6      | XOM: harmless Trmt miscast
  8143 | Temple   | Entered the Ecumenical Temple
  8224 | Temple   | XOM: mild Pois miscast
  8314 | D:6      | XOM: harmless Trmt miscast
  8633 | D:6      | XOM: silly message
  8704 | D:6      | Found a deep blue altar of Sif Muna.
  8824 | D:6      | XOM: colour smoke trail
  8833 | D:6      | Found a glowing silver altar of Zin.
  8926 | D:7      | Reached skill level 9 in Dodging
  8977 | D:7      | Got a fine bardiche
  8978 | D:7      | Identified the +9 bardiche of Mexu {chop, *Corrode +Inv Int+4} (You found it on level 7 of the Dungeon)
  8988 | D:7      | XOM: mild Conj miscast
  9093 | D:7      | XOM: give mutations
  9093 | D:7      | Lost mutation: [You are clumsy. (Dex -2)] [Xom's mischief]
  9093 | D:7      | Gained mutation: Scrolls take you a little longer to read. [Xom's mischief]
  9317 | D:7      | Found a shimmering altar of Xom.
  9347 | D:7      | Paralysed by Grinder for 7 turns
  9348 | D:7      | XOM: cast spell 'Shadow Creatures'
  9800 | D:7      | XOM: mild Pois miscast
  9815 | D:7      | XOM: colour smoke trail
 10105 | D:7      | XOM: silly message
 10554 | D:7      | XOM: harmless Erth miscast
 10824 | D:7      | XOM: medium Erth miscast
 11285 | D:7      | XOM: summons 4 hostile demons
 11286 | D:7      | Noticed a sun demon
 11365 | D:6      | XOM: enchant monster (bad)
 11366 | D:6      | XOM: fog
 11369 | D:6      | Reached skill level 10 in Dodging
 11369 | D:6      | Reached XP level 10. HP: 47/58 MP: 10/10
 11425 | Temple   | XOM: give mutations
 11425 | Temple   | Gained mutation: You are weak. (Str -2) [Xom's mischief]
 11425 | Temple   | Lost mutation: Scrolls take you a little longer to read. [Xom's mischief]
 11693 | Temple   | XOM: colour smoke trail
 11873 | Temple   | XOM: severe Divn miscast
 11903 | Temple   | XOM: colour smoke trail
 12259 | Temple   | XOM: mild Necr miscast
 12260 | Temple   | XOM: medium Chrm miscast
 12872 | Temple   | XOM: 7-stop teleportation journey
 13067 | Temple   | XOM: draining
 13193 | Temple   | XOM: mild Chrm miscast
 13262 | Temple   | XOM: give mutations
 13262 | Temple   | Lost mutation: Your body often deteriorates upon taking damage. [Xom's mischief]
 13262 | Temple   | Gained mutation: Your system is resistant to poisons. [Xom's mischief]
 13262 | Temple   | Lost mutation: You are occasionally teleported next to monsters. [Xom's mischief]
 13580 | Temple   | XOM: stat loss: -1 Dex (15/18)
 13701 | Temple   | XOM: summons 5 hostile demons
 13702 | Temple   | Noticed a sixfirhy
 14267 | Temple   | XOM: colour smoke trail
 14399 | Temple   | XOM: summons 5 hostile demons
 14527 | Temple   | XOM: silly message
 14638 | Temple   | XOM is BORED!
 14638 | Temple   | XOM: give mutations
 14638 | Temple   | Gained mutation: Your body often deteriorates upon taking damage. [Xom's mischief]
 14638 | Temple   | Lost mutation: You occasionally shout uncontrollably at your foes. [Xom's mischief]
 14850 | Temple   | XOM: torment (30/58 hp)
 16532 | Temple   | XOM: vitrification
 16666 | Temple   | XOM is BORED!
 16666 | Temple   | XOM: mild Chrm miscast
 16962 | Temple   | XOM: medium Ice miscast
 17112 | Temple   | XOM: give mutations
 17112 | Temple   | Gained mutation: Your spells are a little harder to cast, but a little more powerful. [Xom's grace]
 17112 | Temple   | Gained mutation: You can translocate small distances at will. [Xom's grace]
 17112 | Temple   | Gained mutation: You are agile. (Dex +2) [Xom's grace]
 17249 | Temple   | XOM: colour smoke trail
 17340 | Temple   | XOM: give mutations
 17340 | Temple   | Gained mutation: Your spells are harder to cast, but more powerful. [Xom's grace]
 17340 | Temple   | Gained mutation: You are covered in thick fur (AC +2). [Xom's grace]
 17487 | Temple   | XOM: medium Necr miscast
 17493 | D:6      | XOM: mild Necr miscast
 17524 | D:6      | XOM: colour smoke trail
 17595 | D:6      | XOM: silly message
 18241 | Temple   | XOM: mild Chrm miscast
 18858 | Temple   | XOM: 4-stop teleportation journey
 19064 | Temple   | XOM is BORED!
 19064 | Temple   | XOM: medium Summ miscast
 19065 | Temple   | Noticed an orange demon
 19423 | Temple   | XOM: colour smoke trail
 21105 | Temple   | XOM: god gift: potion of invisibility
 21178 | Temple   | XOM: colour smoke trail
 21208 | Temple   | XOM: god gift: scroll of immolation
 21231 | Temple   | XOM: give mutations
 21231 | Temple   | Gained mutation: You have supernaturally acute eyesight. [Xom's grace]
 21231 | Temple   | Gained mutation: Your natural rate of healing is unusually fast. [Xom's grace]
 21231 | Temple   | Gained mutation: You are resistant to hostile enchantments. [Xom's grace]
 21231 | Temple   | Gained mutation: You are partially covered in icy blue scales (AC +1). [Xom's grace]
 21301 | Temple   | XOM: god gift: 43 gold pieces
 21801 | Temple   | XOM: 2-stop teleportation journey
 21946 | Temple   | XOM: give mutations
 21946 | Temple   | Gained mutation: You are mostly covered in icy blue scales (AC +3, EV -1). [Xom's grace]
 21946 | Temple   | Gained mutation: You are very agile. (Dex +4) [Xom's grace]
 21946 | Temple   | Gained mutation: You possess an exceptional clarity of mind. [Xom's grace]
 21946 | Temple   | Gained mutation: Your spells are much harder to cast, but much more powerful. [Xom's grace]
 22153 | Temple   | XOM is BORED!
 22153 | Temple   | XOM: medium Chrm miscast
 22219 | Temple   | XOM: give mutations
 22219 | Temple   | Gained mutation: You are resistant to electric shocks. [Xom's grace]
 22219 | Temple   | Gained mutation: Your mind is acute. (Int +2) [Xom's grace]
 22814 | Temple   | XOM: give mutations
 22814 | Temple   | Lost mutation: You are weak. (Str -2) [Xom's grace]
 22814 | Temple   | Gained mutation: Your flesh is cold resistant. [Xom's grace]
 22814 | Temple   | Gained mutation: Your mind is very acute. (Int +4) [Xom's grace]
 22848 | Temple   | XOM: give mutation
 22848 | Temple   | Gained mutation: Your muscles are strong. (Str +2) [Xom's grace]
 22907 | Temple   | XOM: vitrification
 23385 | Temple   | XOM: give mutation
 23385 | Temple   | Gained mutation: Your muscles are very strong. (Str +4) [Xom's grace]
 23807 | Temple   | XOM: god gift: 13 stones
 24058 | Temple   | XOM: vitrification
 24141 | Temple   | XOM: mild Conj miscast
 24459 | Temple   | XOM: medium Tloc miscast
 24459 | Temple   | Cast into level 3 of the Abyss (the capriciousness of Xom)
 24466 | Abyss:3  | Noticed a rakshasa
 24470 | Abyss:3  | XOM: divination: detect creatures
 24471 | Abyss:3  | XOM: enchant monster (good)
 24472 | Abyss:3  | XOM: enchant monster (good)
 24476 | Abyss:3  | Noticed a water nymph
 24476 | Abyss:3  | Killed a water nymph
 24479 | Abyss:3  | Noticed a rakshasa
 24508 | Abyss:3  | Noticed a large abomination
 24512 | Abyss:3  | XOM: potion effect (brilliance)
 24518 | Abyss:3  | XOM: divination: detect items
 24537 | Abyss:3  | Noticed a smoke demon
 24551 | Abyss:3  | Noticed a queen ant
 24551 | Abyss:3  | Noticed an ogre mage
 24556 | Abyss:3  | Noticed a ghost moth
 24556 | Abyss:3  | HP: 1/58 [ogre mage/crystal spear (57)]
 24556 | Abyss:3  | XOM: butterfly on damage
 24563 | Abyss:3  | XOM: divination: detect creatures
 24568 | Abyss:3  | Noticed an entropy weaver
 24570 | Abyss:3  | Killed an ogre mage
 24571 | Abyss:3  | XOM: confuse monster(s)
 24577 | Abyss:3  | Noticed a wretched star
 24577 | Abyss:3  | Xom revived you
 24583 | Abyss:3  | Killed a queen ant
 24584 | Abyss:3  | Slain by a ghost moth

Vault maps used:
D:1:      lemuel_arrival_lava_pool
D:2:      grunt_pakellas_mercury, nicolae_overflow_crystal_walls,
          old_standard_altar, first_bread, uniq_sigmund, uniq_terence
D:3:      uniq_robin
D:4:      wad_lake_hut, grunt_temple_overflow_forces_of_nature,
          yredelemnul_forgotten_temple_becter, gammafunk_temple_overflow_wave,
          uniq_grinder
D:5:      tso_oasis_becter, saegor_snake_ambush
D:6:      lemuel_blue_sif_altar, lemuel_coloured_pillars_altar,
          minmay_temple_entry_junction2
D:7:      xom_confusion_cloud, the_bakery
Temple:   hc_temple_tempest_star_small
Abyss:3:  grunt_abyss_rune_twisted_forest

Skill      XL: |  1  2  3  4  5  6  7  8  9 10 |
---------------+-------------------------------+-----
Polearms       | 4 5 6 7 8 9 |  9.5
Slings         | 1 2 4 5 |  5.9
Dodging        | 5 7 10 | 10.8
Fighting       | |  3.0

Action                   |  1- 3 |  4- 6 |  7- 9 | 10-12 || total
-------------------------+-------+-------+-------+-------++-------
Melee: Spear             |    54 |   170 |       |       ||   224
       Scythe            |       |     7 |   227 |       ||   234
       Bardiche          |       |       |    45 |    17 ||    62
 Fire: Hunting sling     |       |       |    57 |       ||    57
Evoke: Wand              |       |       |     7 |     1 ||     8
  Use: Potion            |       |     2 |    10 |     5 ||    17
       Scroll            |       |     1 |     9 |     4 ||    14
 Stab: Sleeping          |     6 |    19 |    11 |       ||    36
       Distracted        |       |     3 |     2 |       ||     5
       Petrifying        |       |     2 |       |       ||     2
       Paralysed         |       |     1 |       |       ||     1
       Confused          |       |       |     2 |       ||     2
       Invisible         |       |       |     1 |     2 ||     3
  Eat: Chunk             |       |    10 |    24 |       ||    34
       Pizza             |       |       |     1 |       ||     1
       Beef jerky        |       |       |     1 |       ||     1
       Bread ration      |       |       |       |     7 ||     7
       Meat ration       |       |       |       |     1 ||     1
       Royal jelly       |       |       |       |     1 ||     1
